 Dungeon Crawl Stone Soup version 0.30.0-5-g1a98f26d00 (webtiles) character file.

Game seed: 6897231753427068917

22 sampeng1 the Poker (level 3, 0/27 HPs)
             Began as a Human Reaver on May 9, 2023.
             Succumbed to an adder's poison
             ... on level 2 of the Dungeon.
             The game lasted 00:04:01 (1053 turns).

sampeng1 the Poker (Human Reaver)                   Turns: 1053, Time: 00:04:02

Health: 0/27       AC:  4    Str: 12    XL:     3   Next: 7%
Magic:  6/6        EV: 11    Int: 15    God:
Gold:   61         SH:  0    Dex: 11    Spells: 5/6 levels left

rFire   + . .        a - +0 spear
rCold   x . .        (no shield)
rNeg    . . .        b - +0 leather armour
rPois   .            (no helmet)
rElec   .            (no cloak)
rCorr   .            (no gloves)
SInv    .            m - +0 pair of boots
Will    .....        (no amulet)
Stlth   +            h - ring of fire
HPRegen 0.24/turn    (no ring)
MPRegen 0.10/turn

%: no passive effects
@: lethally poisoned (0 -> -7)
A: no striking features
a: no special abilities


You were on level 2 of the Dungeon.
You visited 1 branch of the dungeon, and saw 2 of its levels.

You collected 61 gold pieces.

Inventory:

Hand Weapons
 a - a +0 spear (weapon)
Missiles
 k - 26 stones (quivered)
Armour
 b - a +0 leather armour (worn)
 m - a +0 pair of boots (worn)
Jewellery
 h - a ring of fire (left hand)
Scrolls
 d - a scroll of magic mapping {unknown}
 e - a scroll of summoning {unknown}
 g - a scroll of fear {unknown}
 i - a scroll of immolation {unknown}
 l - a scroll of fog {unknown}
 n - a scroll of blinking {unknown}
Potions
 c - a potion of curing
 f - a potion of magic {unknown}
 j - a potion of haste {unknown}


   Skills:
 + Level 2.2 Fighting
 + Level 3.2 Polearms
 + Level 2.3 Dodging
 + Level 2.2 Spellcasting
 + Level 3.2 Conjurations


You had 5 spell levels left.
You knew the following spells:

 Your Spells              Type           Power      Damage    Failure   Level
a - Kiss of Death         Conj/Necr      24%        2d7       14%         1

Your spell library contained the following spells:

 Spells                   Type           Power      Damage    Failure   Level
 Momentum Strike          Conj/Tloc      12%        3d8       22%         2
 Hailstorm                Conj/Ice       6%         3d4       38%         3


Dungeon Overview and Level Annotations

Branches:
Dungeon (2/15)

Altars:


Message History

The adder misses you. The hobgoblin barely misses you.
You hit the hobgoblin.
You kill the hobgoblin!
The bat closely misses you. The adder bites you.
* * * LOW HITPOINT WARNING * * *
The adder barely misses you.
You hit the adder but do no damage. The bat hits you but does no damage.
The adder bites you but does no damage. The adder barely misses you.
It was a potion of curing.
You feel better. The adder closely misses you. The adder barely misses you.
The bat hits you but does no damage. The adder bites you.
The adder closely misses you.
You hit the adder.
The adder is moderately wounded.
The bat closely misses you. The adder bites you. The worm barely misses you.
The adder bites you but does no damage.
You barely miss the adder.
The adder is moderately wounded.
The bat barely misses you. The adder bites you but does no damage.
The adder barely misses you. The bat hits you but does no damage.
You miss the adder.
The adder is moderately wounded.
The adder bites you.
You are poisoned.
The adder poisons you! The bat misses you. The adder misses you.
The worm barely misses you.
You barely miss the adder.
The adder is moderately wounded.
You feel sick. The bat barely misses you. The adder misses you.
The adder barely misses you. x2; The worm barely misses you.
You barely miss the adder.
The adder is moderately wounded.
You feel sick. The adder barely misses you. The bat hits you.
* * * LOW HITPOINT WARNING * * *
The adder closely misses you. The adder bites you.
* * * LOW HITPOINT WARNING * * *
You are more poisoned.
The adder poisons you!
You hit the adder.
The adder is severely wounded.
You die...

#### ####
...######...
..........
#......#
##....##
#......#
#.b@..#
##SwS##
#..## #...#
#..## .[..
....# .#..#.


You could see a worm, 2 adders and a bat.

Vanquished Creatures
  A ball python (D:1)
  3 endoplasms
  A goblin (D:1)
  2 hobgoblins
  5 kobolds (D:1)
  2 quokkas (D:1)
  3 bats (D:1)
  A frilled lizard (D:1)
  2 rats (D:1)
20 creatures vanquished.

Notes
Turn   | Place    | Note
-------+----------+-------------------------------------------
     0 | D:1      | sampeng1 the Human Reaver began the quest for the Orb.
     0 | D:1      | Reached XP level 1. HP: 16/16 MP: 3/3
   332 | D:1      | Reached XP level 2. HP: 19/19 MP: 3/5
  1037 | D:2      | Reached XP level 3. HP: 12/27 MP: 6/6
  1053 | D:2      | Succumbed to an adder's poison

Illustrated notes

Levels and vault maps discovered:
D:1:      beargit_arrival_greenhouse, layout_basic
D:2:      layout_loops_ring, basic_altar, nicolae_half_adder, uniq_jessica

Action                     || total
---------------------------++-------
  Melee: Spear             ||    86
         Punch             ||     1
   Cast: Kiss of Death     ||     1
    Use: Potion            ||     1
 Armour: Leather armour    ||    43
  Dodge: Dodged            ||    92
